[Event "Titled Tuesday Blitz August 1 Late 2023"]
[White "Musovic, Armin"]
[Black "Sathish, Pranav"]
[WhiteFideId "939935"]
[BlackFideId "30967538"]
[WhiteElo "2572"]
[BlackElo "2461"]
[Result "1/2-1/2"]
[Round "11"]
[TimeControl "180+1"]
[Date "2023.08.01"]
[WhiteClock "0:00:10"]
[BlackClock "0:00:03"]
[Board "42"]

1. a3 Nf6 2. Nc3 d5 3. d3 c5 4. Bg5 d4 5. Ne4 Nxe4 6. dxe4 f6 7. Bd2 e5 8. Nf3 Nc6 9. e3 Be7 10. Bc4 a6 11. O-O b5 12. Bd5 Bb7 13. exd4 cxd4 14. c4 dxc3 15. Bxc3 Qd7 16. Qb3 Nd8 17. Rad1 Bxd5 18. Rxd5 Qc6 19. h4 Nf7 20. Bb4 Bxb4 21. Qxb4 Rd8 22. Rxd8+ Nxd8 23. Rd1 Kf7 24. Qd2 Ke7 25. Rc1 Qd6 26. Qa5 Ne6 27. a4 Rb8 28. axb5 Rxb5 29. Qa2 Qb6 30. Rc2 Ra5 31. Qb1 Rc5 32. Rd2 Qc7 33. Rd1 a5 34. Qd3 Nf4 35. Qa3 Ne6 36. b4 axb4 37. Qxb4 Kf7 38. Qb3 Rc1 39. Kh2 Rxd1 40. Qxd1 g6 41. h5 Nf4 42. Qb3+ Kg7 43. h6+ Kxh6 44. Qg8 Qg7 45. Qc8 g5 46. g3 g4 47. Nh4 Qa7 48. gxf4 Qxf2+ 49. Ng2 g3+ 50. Kh3 exf4 51. Qf8+ Kg6 52. Qg8+ Kh6 53. Nh4 Qh2+ 54. Kg4 Qe2+ 55. Kxf4 Qd2+ 56. Kxg3 Qe3+ 57. Nf3 Qxe4 58. Qf8+ Kg6 59. Qg8+ Kh6 60. Qf8+ Kg6 61. Qc5 Kf7 62. Qa7+ Qe7 63. Qa2+ Kg7 64. Qc2 f5 65. Kg2 Qf6 66. Qc7+ Qf7 67. Qf4 Qg6+ 68. Kf2 Qf6 69. Ne5 h6 70. Qg3+ Qg5 71. Qc3 Qf6 72. Qc7+ Kg8 73. Nd7 Qh4+ 74. Ke2 Qe4+ 75. Kf1 Qf3+ 76. Ke1 Qe3+ 77. Kd1 Qd3+ 78. Kc1 Qe3+ 79. Kb1 Qd3+ 80. Ka2 Qa6+ 81. Kb3 Qb5+ 82. Kc3 Kf7 83. Nc5+ Kg6 84. Qd6+ Kh5 85. Ne6 Qa5+ 86. Kd3 Qb5+ 87. Ke3 Qb3+ 88. Kd4 Qd1+ 89. Ke5 Qxd6+ 90. Kxd6 Kg4 91. Ke5 h5 92. Kd4 h4 93. Ke3 Kg3 94. Nd4 h3 95. Nxf5+ Kg2 96. Nh4+ Kg3 97. Nf5+ Kg2 98. Nh4+ Kf1 99. Nf3 Kg2 100. Kf4 h2 101. Nxh2 1/2-1/2


[Site "https://www.chess.com"]

[Event "Titled Tuesday Blitz August 1 Late 2023"]
[White "Vega Gutierrez, Sabrina"]
[Black "Leebit02"]
[WhiteFideId "2219026"]
[WhiteElo "2455"]
[BlackElo "2569"]
[Result "0-1"]
[Round "11"]
[TimeControl "180+1"]
[Date "2023.08.01"]
[WhiteClock "0:00:13"]
[BlackClock "0:00:10"]
[Board "43"]

1. e4 c5 2. Nf3 d6 3. d4 cxd4 4. Qxd4 Nf6 5. Bb5+ Bd7 6. c4 Nc6 7. Qe3 g6 8. h3 Bg7 9. O-O O-O 10. Nc3 Rc8 11. Rd1 Ne8 12. b3 Nc7 13. Bxc6 Bxc6 14. Bb2 a6 15. Nd4 Ne6 16. Nxe6 fxe6 17. Rab1 b5 18. cxb5 axb5 19. Ne2 e5 20. Rbc1 Qa5 21. a3 Qa8 22. f3 Rfd8 23. Nc3 e6 24. Na2 d5 25. exd5 exd5 26. Bxe5 Re8 27. f4 d4 28. Qg3 Bxe5 29. fxe5 Qxa3 30. Rd2 Qa7 31. Kh2 Be4 32. Rxc8 Rxc8 33. Nb4 Qc5 34. Nd3 Qc3 35. Qg4 Bf5 36. Qe2 Re8 37. b4 Qc4 38. Nf4 Qxb4 39. Nd5 Qf8 40. Nf6+ Qxf6 41. exf6 Rxe2 42. Rxe2 Kf7 43. Re7+ Kxf6 44. Rxh7 Bc2 45. Kg3 d3 46. Rd7 b4 47. Kf2 b3 0-1


[Site "https://www.chess.com"]

[Event "Titled Tuesday Blitz August 1 Late 2023"]
[White "Pesotskiy, Mikhail"]
[Black "Toropov, Pavel"]
[WhiteFideId "34164453"]
[BlackFideId "24129178"]
[WhiteElo "2440"]
[BlackElo "2568"]
[Result "0-1"]
[Round "11"]
[TimeControl "180+1"]
[Date "2023.08.01"]
[WhiteClock "0:00:00"]
[BlackClock "0:00:08"]
[Board "44"]

1. d4 d5 2. c4 c6 3. Nf3 Nf6 4. Nbd2 Bf5 5. Nh4 Be6 6. e3 g6 7. b3 Bg7 8. Bb2 O-O 9. Bd3 Nbd7 10. O-O c5 11. Nhf3 Bg4 12. h3 Bxf3 13. Nxf3 e6 14. Rc1 Rc8 15. Qe2 Qe7 16. dxc5 Nxc5 17. Bb1 dxc4 18. Rxc4 Ncd7 19. Rfc1 Nb6 20. Rxc8 Rxc8 21. Rxc8+ Nxc8 22. Qc4 Nd6 23. Qc5 Nd7 24. Qa3 Nc8 25. Qxe7 Nxe7 26. Bxg7 Kxg7 27. Kf1 Kf6 28. Ke2 e5 29. Nd2 Ke6 30. Bd3 Nb6 31. Nc4 Nec8 32. Kd2 f6 33. h4 Nd5 34. a3 Nd6 35. Nxd6 Kxd6 36. g3 Ne7 37. Be4 b6 38. Kd3 a5 39. b4 axb4 40. axb4 f5 41. Bg2 e4+ 42. Kc4 Nc6 43. Kb5 Kc7 44. Bf1 Ne5 45. Be2 h6 46. Ka4 Nd3 47. Bxd3 exd3 48. Kb3 Kc6 49. Kc3 Kb5 50. f3 d2 51. Kxd2 Kxb4 52. Kd3 Kc5 53. e4 fxe4+ 54. Kxe4 b5 55. f4 b4 56. Kd3 Kd5 57. g4 b3 0-1


[Site "https://www.chess.com"]

[Event "Titled Tuesday Blitz August 1 Late 2023"]
[White "KrokerGuy"]
[Black "Morefield, Jason"]
[BlackFideId "30920825"]
[WhiteElo "2458"]
[BlackElo "2673"]
[Result "0-1"]
[Round "11"]
[TimeControl "180+1"]
[Date "2023.08.01"]
[WhiteClock "0:00:00"]
[BlackClock "0:00:42"]
[Board "45"]

1. e4 d6 2. d4 Nf6 3. Nc3 g6 4. Be3 c6 5. Qd2 Nbd7 6. a4 Qa5 7. Nf3 e5 8. Bc4 Bg7 9. h3 O-O 10. O-O exd4 11. Nxd4 Nc5 12. Nb3 Nxb3 13. Bxb3 Re8 14. f3 d5 15. exd5 cxd5 16. Rfe1 Be6 17. Bd4 Qc7 18. Be5 Ne4 19. fxe4 Bxe5 20. exd5 Bf5 21. Rad1 Rad8 22. Kh1 h5 23. Nb5 Qc5 24. c3 Kg7 25. Nd4 Bd7 26. Nf3 Bf6 27. Rxe8 Rxe8 28. Re1 Rxe1+ 29. Qxe1 b5 30. axb5 Qxb5 31. Qd1 a5 32. Nd4 Qb6 33. Ba4 Bxa4 34. Qxa4 Qxb2 35. Qxa5 Qc1+ 36. Kh2 Be5+ 37. g3 Qd2+ 38. Kg1 Bxd4+ 39. cxd4 Qxa5 0-1


[Site "https://www.chess.com"]

[Event "Titled Tuesday Blitz August 1 Late 2023"]
[White "Piesik, Piotr"]
[Black "Kazakov, Mikhail"]
[WhiteFideId "1136194"]
[BlackFideId "14102749"]
[WhiteElo "2623"]
[BlackElo "2454"]
[Result "1-0"]
[Round "11"]
[TimeControl "180+1"]
[Date "2023.08.01"]
[WhiteClock "0:00:21"]
[BlackClock "0:00:00"]
[Board "46"]

1. Nf3 Nf6 2. g3 g6 3. Bg2 Bg7 4. O-O d5 5. d4 Nc6 6. c4 O-O 7. cxd5 Nxd5 8. Nc3 Nb6 9. e3 Re8 10. d5 Na5 11. e4 e6 12. Bg5 f6 13. Bf4 Nac4 14. b3 e5 15. Bc1 Nd6 16. Qc2 h6 17. a4 a5 18. Ba3 f5 19. Nh4 Qf6 20. Bxd6 cxd6 21. Nb5 Bd7 22. Qc7 Bxb5 23. axb5 Qd8 24. Qxd8 Rexd8 25. Nxg6 fxe4 26. Bxe4 Kf7 27. Nh4 Rdc8 28. Nf5 Bf8 29. Rfc1 Nd7 30. Rxc8 Rxc8 31. Rxa5 Nc5 32. Bf3 Nxb3 33. Ra7 Nc5 34. b6 e4 35. Bg4 Rd8 36. Nd4 Kf6 37. Ne6 Rb8 38. f4 exf3 39. Bxf3 Ke5 40. Nf4 Be7 41. Ra2 Bd8 42. Re2+ Kf6 43. Re8 Nd7 44. Re6+ Kf7 45. Bh5+ Kg7 46. Rxd6 Nxb6 47. Ne6+ Kf6 48. Rxd8 Rxd8 49. Nxd8 Nxd5 50. Nxb7 1-0


[Site "https://www.chess.com"]

[Event "Titled Tuesday Blitz August 1 Late 2023"]
[White "Ganiev, Roman"]
[Black "i_like_explosions"]
[WhiteFideId "4131452"]
[WhiteElo "2589"]
[BlackElo "2433"]
[Result "0-1"]
[Round "11"]
[TimeControl "180+1"]
[Date "2023.08.01"]
[WhiteClock "0:00:02"]
[BlackClock "0:00:15"]
[Board "47"]

1. e4 c5 2. Nf3 Nc6 3. Bb5 e6 4. Bxc6 bxc6 5. d3 Qc7 6. O-O Ne7 7. b3 Ng6 8. Bb2 f6 9. Re1 Be7 10. e5 O-O 11. exf6 Bxf6 12. Bxf6 Rxf6 13. Nbd2 d6 14. Ne4 Rf8 15. Ng3 e5 16. h3 Bd7 17. Ng5 Nf4 18. Ne2 h6 19. Ne4 Rf7 20. Nxf4 Rxf4 21. f3 Raf8 22. Qe2 Be6 23. a3 a5 24. Qf2 Qd8 25. Qg3 Qe7 26. Nd2 a4 27. bxa4 Rxa4 28. Ne4 Rfa8 29. Reb1 Bd5 30. c4 Bxe4 31. fxe4 Rxa3 32. Rxa3 Rxa3 33. Rb8+ Kh7 34. Qg4 Qf6 35. Qd1 Qf4 36. Rb3 Ra2 37. Qf1 Qxf1+ 38. Kxf1 Rd2 39. g3 Kg6 40. Ke1 Rg2 41. Rb6 Rxg3 42. Ke2 Kf7 43. Rxc6 Ke6 44. Rc7 Rxh3 45. Rxg7 Rh2+ 46. Ke3 Rh3+ 47. Ke2 h5 48. Rh7 Rh2+ 49. Kf3 h4 50. Rh6+ Kd7 51. Kg4 Rd2 52. Rxh4 Rxd3 53. Kf5 Kc6 54. Rh1 Rf3+ 55. Ke6 Rf4 56. Rd1 Rxe4 57. Rxd6+ Kc7 58. Rd5 Rxc4 59. Rxe5 Kc6 60. Re1 Rd4 61. Ke5 Rd8 62. Rc1 Kb5 63. Ke4 c4 64. Rb1+ Ka4 65. Ke3 Ka3 66. Ke2 Ka2 67. Rc1 Kb3 68. Rb1+ Kc2 69. Rb7 Re8+ 70. Kf1 c3 71. Rb6 Kd2 72. Rd6+ Kc1 73. Rb6 c2 74. Kf2 Re5 75. Kf1 Kd2 76. Rd6+ Kc3 77. Rc6+ Kb3 78. Rb6+ Kc4 79. Rc6+ Rc5 80. Rxc5+ Kxc5 81. Kg2 c1=Q 0-1


[Site "https://www.chess.com"]

[Event "Titled Tuesday Blitz August 1 Late 2023"]
[White "Shapiro, Viktor"]
[Black "Mushini Ajay"]
[WhiteFideId "4175700"]
[BlackFideId "35066188"]
[WhiteElo "2549"]
[BlackElo "2416"]
[Result "1-0"]
[Round "11"]
[TimeControl "180+1"]
[Date "2023.08.01"]
[WhiteClock "0:00:29"]
[BlackClock "0:00:00"]
[Board "48"]

1. c4 b6 2. Nf3 Bb7 3. Nc3 e6 4. g3 f5 5. Bg2 Nf6 6. O-O Be7 7. d3 O-O 8. e4 fxe4 9. Ng5 Na6 10. Ngxe4 Nxe4 11. Nxe4 Rb8 12. d4 d5 13. Nc3 dxc4 14. Bxb7 Rxb7 15. Qe2 Qd7 16. Qxc4 Nb4 17. Re1 Nd5 18. Bd2 c5 19. dxc5 bxc5 20. b3 Rb4 21. Qe2 Bf6 22. Ne4 Rxe4 23. Qxe4 Bd4 24. Rf1 Nf6 25. Qe2 e5 26. Rad1 Ng4 27. Be3 Qf5 28. h3 Nf6 29. Bxd4 cxd4 30. Kg2 Re8 31. Rfe1 Qc8 32. Qc4+ Qxc4 33. bxc4 Rf8 34. Rxe5 Kf7 35. Rxd4 Rc8 36. g4 h6 37. f4 Ne8 38. Rd7+ Kf8 39. Rxa7 Rc5 40. Rxc5 1-0


[Site "https://www.chess.com"]

[Event "Titled Tuesday Blitz August 1 Late 2023"]
[White "Nikologorsky, Matfei"]
[Black "Janaszak, Dawid"]
[WhiteFideId "24102474"]
[BlackFideId "1119206"]
[WhiteElo "2388"]
[BlackElo "2530"]
[Result "1/2-1/2"]
[Round "11"]
[TimeControl "180+1"]
[Date "2023.08.01"]
[WhiteClock "0:00:08"]
[BlackClock "0:00:55"]
[Board "49"]

1. e4 e5 2. Nf3 Nc6 3. Bb5 f5 4. Nc3 fxe4 5. Nxe4 Nf6 6. Nxf6+ Qxf6 7. Qe2 Be7 8. Bxc6 bxc6 9. Nxe5 O-O 10. O-O d6 11. Nxc6 Re8 12. Nxe7+ Rxe7 13. Qc4+ Kh8 14. Qc3 Qg6 15. Qg3 Qxc2 16. d4 Ba6 17. Bg5 Re2 18. Rac1 Qxb2 19. Rxc7 Rg8 20. Qh4 Re6 21. Rfc1 Rg6 22. h3 Qxa2 23. Rxa7 Qd5 24. Rxa6 Rxg5 25. g3 h6 26. Rac6 Rf8 27. Rc8 Rf5 28. Rxf8+ Rxf8 29. Qe7 Qf3 30. Qe3 Qf5 31. Kg2 Qd7 32. Re1 Qb7+ 33. Qe4 Qf7 34. d5 Qxf2+ 35. Kh1 Qxg3 36. Qe3 Qh4 37. Rg1 Qf6 38. Kg2 Qf7 39. Re1 Qxd5+ 40. Kh2 Qf5 41. Rg1 Qf6 42. Rg2 d5 43. Rd2 Qd6+ 44. Qg3 Qxg3+ 45. Kxg3 Rd8 46. Kf4 d4 47. Ke4 Kh7 48. Rxd4 Rxd4+ 49. Kxd4 Kg6 50. Ke4 Kg5 51. Kf3 h5 52. Kg3 h4+ 53. Kf3 Kf5 54. Ke3 g6 55. Kf3 Kg5 56. Ke4 Kh5 57. Kf4 Kh6 58. Kg4 g5 59. Kf3 Kg6 60. Kg4 Kf6 61. Kf3 Kf5 62. Ke3 Ke5 63. Kf3 Kf5 64. Ke3 Kg6 65. Kf3 Kf5 1/2-1/2


[Site "https://www.chess.com"]

[Event "Titled Tuesday Blitz August 1 Late 2023"]
[White "Fiorito, Francisco"]
[Black "Bueno, Alfeu Junior Varela"]
[WhiteFideId "180165"]
[BlackFideId "2108879"]
[WhiteElo "2528"]
[BlackElo "2406"]
[Result "1-0"]
[Round "11"]
[TimeControl "180+1"]
[Date "2023.08.01"]
[WhiteClock "0:00:35"]
[BlackClock "0:00:00"]
[Board "50"]

1. a3 e5 2. b4 a5 3. b5 d5 4. Bb2 Bd6 5. Nf3 Qe7 6. g3 f5 7. Bg2 Nf6 8. d3 O-O 9. O-O f4 10. gxf4 e4 11. Ne5 Nbd7 12. d4 Kh8 13. e3 Rg8 14. h4 Nf8 15. f3 Bf5 16. Nd2 Rd8 17. c4 exf3 18. Qxf3 Be4 19. Nxe4 dxe4 20. Qg3 Bxe5 21. fxe5 Nh5 22. Qg4 Qe8 23. d5 Qg6 24. Qxg6 Nxg6 25. Bxe4 Nxh4 26. Rf7 Rde8 27. e6 Ng6 28. Rxc7 Nf6 29. Bxg6 hxg6 30. Kg2 1-0


[Site "https://www.chess.com"]

[Event "Titled Tuesday Blitz August 1 Late 2023"]
[White "Estrada Nieto, Julian"]
[Black "Rego, Pedro Filipe"]
[WhiteFideId "5101018"]
[BlackFideId "1904310"]
[WhiteElo "2523"]
[BlackElo "2366"]
[Result "1/2-1/2"]
[Round "11"]
[TimeControl "180+1"]
[Date "2023.08.01"]
[WhiteClock "0:00:14"]
[BlackClock "0:00:10"]
[Board "51"]

1. e4 c5 2. Nf3 d6 3. Bb5+ Nd7 4. d4 cxd4 5. Qxd4 e5 6. Qd3 a6 7. Bxd7+ Bxd7 8. Nc3 h6 9. Nd2 Be6 10. Nf1 Rc8 11. Ne3 Nf6 12. a4 Qa5 13. O-O Be7 14. Bd2 Qb6 15. a5 Qc5 16. Na4 Qc6 17. Nb6 Rc7 18. f3 O-O 19. c4 Qc5 20. Kh1 Qc6 21. b3 Re8 22. Rfd1 Bf8 23. Bb4 Rd8 24. Ned5 Bxd5 25. Nxd5 Nxd5 26. Qxd5 Be7 27. Kg1 Kf8 28. Kf1 Ke8 29. Rd3 Qxd5 30. Rxd5 Rc6 31. Rad1 g6 32. g4 b6 33. axb6 Rxb6 34. Ba5 Rxb3 35. Bxd8 Kxd8 36. R1d3 Rb1+ 37. Kg2 Kc8 38. c5 dxc5 39. Rxe5 Bg5 40. Rxc5+ Kb7 41. Rd7+ Kb6 42. Rcc7 Rb2+ 43. Kg3 Re2 44. Rb7+ Kc6 45. Rxf7 Be3 46. Rbc7+ Kb6 47. Rcd7 g5 48. Rf6+ Kb5 49. Rd5+ Kb4 50. e5 a5 51. e6 Bf4+ 52. Rxf4+ gxf4+ 53. Kxf4 Rxe6 54. Kf5 Rb6 55. h4 a4 56. g5 hxg5 57. hxg5 a3 58. Rd2 Kc3 59. Ra2 Kb3 60. Rxa3+ Kxa3 61. g6 Rb3 62. f4 Kb4 63. g7 Rg3 64. Kf6 Kc5 65. Kf7 Kd5 66. f5 Ke5 67. f6 Rg1 68. g8=Q Rxg8 69. Kxg8 Kxf6 1/2-1/2


[Site "https://www.chess.com"]

[Event "Titled Tuesday Blitz August 1 Late 2023"]
[White "Hacker, Jonas"]
[Black "Hirneise, Jens"]
[WhiteFideId "1270968"]
[BlackFideId "24614734"]
[WhiteElo "2386"]
[BlackElo "2476"]
[Result "0-1"]
[Round "11"]
[TimeControl "180+1"]
[Date "2023.08.01"]
[WhiteClock "0:00:57"]
[BlackClock "0:01:35"]
[Board "52"]

1. c4 e6 2. Nf3 d5 3. e3 h6 4. Nc3 Nf6 5. b3 Be7 6. Bb2 O-O 7. d4 b6 8. cxd5 exd5 9. Bd3 c5 10. Ne5 Bb7 11. O-O Nbd7 12. Nxd7 Qxd7 13. dxc5 bxc5 14. Na4 Rac8 15. Rc1 Qd6 16. Be2 Rfd8 17. Bf3 Ba8 18. Ba3 Nd7 19. Bg4 Qa6 20. Bxd7 Rxd7 21. Bxc5 Rdc7 22. Ba3 Bxa3 0-1


[Site "https://www.chess.com"]

[Event "Titled Tuesday Blitz August 1 Late 2023"]
[White "Kanyamarala, Tarun"]
[Black "Sun, Rick"]
[WhiteFideId "45004714"]
[BlackFideId "30909481"]
[WhiteElo "2483"]
[BlackElo "2599"]
[Result "1-0"]
[Round "11"]
[TimeControl "180+1"]
[Date "2023.08.01"]
[WhiteClock "0:01:33"]
[BlackClock "0:00:06"]
[Board "53"]

1. d4 Nf6 2. Nf3 g6 3. h4 Bg7 4. Nc3 c5 5. d5 b5 6. Nxb5 Qa5+ 7. Nc3 Ne4 8. Bd2 Nxc3 9. bxc3 Bxc3 10. e4 d6 11. Bb5+ Kf8 12. a4 Bg4 13. Ra3 Bxd2+ 14. Qxd2 Qxd2+ 15. Kxd2 a6 16. Be2 Nd7 17. Rb1 Bxf3 18. gxf3 f5 19. Rb7 Nf6 20. exf5 Nxd5 21. Bc4 Nf6 22. Re3 Re8 23. Bxa6 gxf5 24. Bb5 Nd5 25. Bxe8 Nxe3 26. fxe3 Rg8 27. Bd7 Rg2+ 28. Kd3 Rf2 29. Bc6 e5 30. a5 c4+ 31. Kc3 f4 32. exf4 1-0


[Site "https://www.chess.com"]

[Event "Titled Tuesday Blitz August 1 Late 2023"]
[White "Santos Flores, Alberto"]
[Black "Sanhueza, Cristian"]
[WhiteFideId "3601234"]
[BlackFideId "116815"]
[WhiteElo "2549"]
[BlackElo "2484"]
[Result "1-0"]
[Round "11"]
[TimeControl "180+1"]
[Date "2023.08.01"]
[WhiteClock "0:00:43"]
[BlackClock "0:00:02"]
[Board "54"]

1. e4 c5 2. Nf3 d6 3. Bb5+ Bd7 4. Bxd7+ Qxd7 5. c4 Nf6 6. Nc3 Nc6 7. d4 cxd4 8. Nxd4 g6 9. f3 Bg7 10. Be3 O-O 11. b3 a5 12. O-O Rfc8 13. Rc1 Ne5 14. Qd2 a4 15. h3 a3 16. Nd5 Nxd5 17. cxd5 Qd8 18. Rxc8 Rxc8 19. Qb4 b6 20. Qxa3 Rc3 21. Bf2 Nd3 22. Nc6 Qc7 23. Qa8+ Bf8 24. Be3 Ne5 25. Bh6 Nd7 26. Nxe7+ Kh8 27. Bxf8 1-0


[Site "https://www.chess.com"]

[Event "Titled Tuesday Blitz August 1 Late 2023"]
[White "Salazar Farias, Luis German"]
[Black "Ambartsumova, Karina"]
[WhiteFideId "3902170"]
[BlackFideId "4166299"]
[WhiteElo "2475"]
[BlackElo "2546"]
[Result "0-1"]
[Round "11"]
[TimeControl "180+1"]
[Date "2023.08.01"]
[WhiteClock "0:00:00"]
[BlackClock "0:01:12"]
[Board "55"]

1. d4 Nf6 2. c4 d6 3. Nc3 e5 4. Nf3 e4 5. Ng5 Qe7 6. Qc2 Bf5 7. f3 c6 8. Ngxe4 Nxe4 9. fxe4 Bg6 10. e3 Nd7 11. Bd3 Qh4+ 12. Qf2 Qe7 13. O-O Nf6 14. b3 O-O-O 15. Bd2 Kb8 16. Qf4 Ka8 17. Be1 Re8 18. Bh4 Qd7 19. Bxf6 gxf6 20. Qxf6 Bh6 21. Rae1 Rhg8 22. Kh1 Qg4 23. Qf3 Qh4 24. Qf2 Qe7 25. Qf3 Bg5 26. Bb1 Bh4 27. Re2 Qg5 28. Qf4 Qh5 29. b4 Bxe4 30. Bxe4 Bg3 31. Qxg3 Rxg3 32. Rf5 Qh6 0-1


[Site "https://www.chess.com"]

[Event "Titled Tuesday Blitz August 1 Late 2023"]
[White "Rios Escobar, Adan"]
[Black "Kochiev, Ivan"]
[WhiteFideId "3403645"]
[BlackFideId "2917890"]
[WhiteElo "2458"]
[BlackElo "2545"]
[Result "0-1"]
[Round "11"]
[TimeControl "180+1"]
[Date "2023.08.01"]
[WhiteClock "0:00:02"]
[BlackClock "0:00:05"]
[Board "56"]

1. d4 Nf6 2. g3 e6 3. c4 c5 4. d5 exd5 5. cxd5 d6 6. Nc3 g6 7. Nf3 Bg7 8. Bg2 O-O 9. O-O a6 10. a4 Nbd7 11. h3 Qe7 12. Re1 Rb8 13. e4 Ne8 14. Bg5 Bf6 15. h4 b5 16. axb5 axb5 17. e5 Nxe5 18. Nxe5 dxe5 19. d6 Qe6 20. Ne4 Bxg5 21. hxg5 Rb6 22. d7 Qxd7 23. Nxc5 Qxd1 24. Raxd1 Bf5 25. Rxe5 Nd6 26. Red5 Nc4 27. b3 Na5 28. Ra1 Be6 29. Rxa5 Bxd5 30. Bxd5 Rd6 31. Bf3 Rb8 32. Ne4 Rd3 33. Kg2 Kg7 34. Nc5 Rc3 35. b4 h6 36. Ra7 hxg5 37. Ne6+ Kf6 38. Nd4 Rc4 39. Ra6+ Kg7 40. Nc6 Rc8 41. Rb6 g4 42. Bd5 Rc1 43. Rb7 R8xc6 44. Rxf7+ Kh6 45. Bxc6 Rxc6 46. Rf4 Kh5 47. Kf1 Rc2 48. Ke1 Rb2 49. Kd1 g5 50. Re4 Rxf2 51. Re5 Rf3 52. Rxb5 Rxg3 53. Rb8 Rb3 54. Ke2 g3 55. Kf1 Kg4 56. b5 Rb1+ 57. Kg2 Rb2+ 58. Kg1 g2 59. b6 Kg3 60. Rg8 Rb1# 0-1


[Site "https://www.chess.com"]

[Event "Titled Tuesday Blitz August 1 Late 2023"]
[White "slidingknight2775"]
[Black "Karwowski, Kacper"]
[BlackFideId "1126032"]
[WhiteElo "2453"]
[BlackElo "2544"]
[Result "1-0"]
[Round "11"]
[TimeControl "180+1"]
[Date "2023.08.01"]
[WhiteClock "0:00:18"]
[BlackClock "0:00:12"]
[Board "57"]

1. Nf3 Nf6 2. g3 g6 3. Bg2 Bg7 4. O-O O-O 5. c4 c5 6. Nc3 Nc6 7. d3 d6 8. Bd2 Bg4 9. h3 Bxf3 10. Bxf3 Qd7 11. Bg2 Rab8 12. Rb1 a6 13. a3 b5 14. cxb5 axb5 15. b4 cxb4 16. axb4 d5 17. Qb3 Nd4 18. Qd1 Rfc8 19. Be3 Nc6 20. Bc5 e6 21. Qb3 h5 22. Rfd1 d4 23. Ne4 Nxe4 24. Bxe4 f5 25. Bg2 Kh7 26. h4 Be5 27. f4 Bd6 28. Rdc1 Bxc5 29. Rxc5 Ne7 30. Rbc1 Rxc5 31. Rxc5 Rc8 32. Qc2 Rxc5 33. Qxc5 Kg7 34. Kf2 Kf7 35. Bf3 Nd5 36. Qxd4 Qd6 37. Bxd5 Qxd5 38. Qxd5 exd5 39. Ke3 Ke6 40. Kd4 Kd6 41. e3 1-0


[Site "https://www.chess.com"]

[Event "Titled Tuesday Blitz August 1 Late 2023"]
[White "Kielinkei"]
[Black "ElenGajger"]
[WhiteElo "2430"]
[BlackElo "2540"]
[Result "1-0"]
[Round "11"]
[TimeControl "180+1"]
[Date "2023.08.01"]
[WhiteClock "0:00:06"]
[BlackClock "0:00:00"]
[Board "58"]

1. c4 Nf6 2. g3 g6 3. Bg2 Bg7 4. Nc3 O-O 5. e4 c5 6. Nge2 Nc6 7. d3 d6 8. O-O Rb8 9. f4 a6 10. a4 Bd7 11. Be3 Ng4 12. Bd2 Nd4 13. h3 Nf6 14. Be3 Ne8 15. a5 b5 16. axb6 Qxb6 17. Nd5 Qd8 18. Ra2 Nc7 19. Nxc7 Qxc7 20. Nxd4 cxd4 21. Bd2 Rb7 22. b4 Ra7 23. Qc2 Rfa8 24. Rfa1 e5 25. fxe5 dxe5 26. Ra5 f6 27. R1a3 Bf8 28. Ra2 Be6 29. Kh2 Be7 30. Bf1 Kf7 31. Qb1 Qb7 32. Qa1 Bd6 33. b5 Bc7 34. Rxa6 Rxa6 35. Rxa6 Rxa6 36. Qxa6 Qxa6 37. bxa6 Bb6 38. Ba5 Bc5 39. a7 Bxa7 40. Bb4 Bb6 41. Be2 Bd7 42. Bd1 Bc6 43. c5 Bc7 44. Bb3+ Kg7 45. Bd5 Bd7 46. h4 h5 47. Kg2 f5 48. Kf3 f4 49. gxf4 1-0


[Site "https://www.chess.com"]

[Event "Titled Tuesday Blitz August 1 Late 2023"]
[White "Rodriguez, Santiago"]
[Black "Tikhonov, Viacheslav"]
[WhiteFideId "3000591"]
[BlackFideId "44196407"]
[WhiteElo "2427"]
[BlackElo "2530"]
[Result "0-1"]
[Round "11"]
[TimeControl "180+1"]
[Date "2023.08.01"]
[WhiteClock "0:00:00"]
[BlackClock "0:00:58"]
[Board "59"]

1. d4 d5 2. Bf4 Nf6 3. e3 g6 4. Nc3 Bg7 5. h4 h5 6. Nf3 Bg4 7. Be2 Nbd7 8. Nb5 Rc8 9. Nxa7 Ra8 10. Nb5 Rc8 11. Ne5 Bxe2 12. Qxe2 c6 13. Nc3 Qa5 14. O-O O-O 15. Bg5 Nxe5 16. dxe5 Ng4 17. Bxe7 Rfe8 18. Bd6 Nxe5 19. Bxe5 Bxe5 20. Qd3 Qb4 21. f4 Bf6 22. f5 Rxe3 23. Qxe3 Bd4 24. Qxd4 Qxd4+ 25. Rf2 Re8 26. fxg6 fxg6 27. Rd1 Qxh4 28. Rdf1 Qd4 29. Kh2 Re7 30. Rf8+ Kg7 31. R8f4 Qe5 32. Kh3 d4 33. Ne4 g5 34. Rf5 Qxe4 35. Rxg5+ Kh6 36. Rff5 Qe3+ 37. Rg3 Qe6 38. Rg5 Qe2 39. Kh4 Re4+ 40. Kh3 Qe3+ 41. Rg3 Rh4+ 42. Kxh4 Qe4+ 43. Kh3 Qxf5+ 0-1


[Site "https://www.chess.com"]

[Event "Titled Tuesday Blitz August 1 Late 2023"]
[White "Berezin, Viktor"]
[Black "Rodriguez Fontecha, Marcos"]
[WhiteFideId "14107872"]
[BlackFideId "2256576"]
[WhiteElo "2524"]
[BlackElo "2417"]
[Result "1-0"]
[Round "11"]
[TimeControl "180+1"]
[Date "2023.08.01"]
[WhiteClock "0:00:09"]
[BlackClock "0:00:00"]
[Board "60"]

1. d4 Nf6 2. c4 d6 3. Nc3 e5 4. g3 e4 5. Bg2 Qe7 6. Bg5 Bf5 7. Qb3 b6 8. Nd5 Qd8 9. Bxf6 gxf6 10. Ne3 Bg6 11. h4 h5 12. Nh3 Bh6 13. Nd5 O-O 14. Nhf4 Nc6 15. Rd1 f5 16. Ne3 Bg7 17. Nc2 Re8 18. c5 bxc5 19. Nxg6 Rb8 20. Qa4 Nxd4 21. Nf4 Rxb2 22. Nxd4 cxd4 23. Nxh5 c5 24. Nxg7 Kxg7 25. h5 Re6 26. Qc4 Qg5 27. Qd5 e3 28. O-O Qxh5 29. fxe3 Rxe2 30. Rde1 R6xe3 31. Rxe2 Rxe2 32. Qxd6 Qg6 33. Qf4 Qf6 34. Bf3 Re3 35. Kg2 Qe5 36. Qg5+ Kf8 37. Rb1 1-0


[Site "https://www.chess.com"]

[Event "Titled Tuesday Blitz August 1 Late 2023"]
[White "Chor, Kevin"]
[Black "Davidson, Kevin"]
[WhiteFideId "2090740"]
[BlackFideId "2056810"]
[WhiteElo "2513"]
[BlackElo "2416"]
[Result "1-0"]
[Round "11"]
[TimeControl "180+1"]
[Date "2023.08.01"]
[WhiteClock "0:00:34"]
[BlackClock "0:00:00"]
[Board "61"]

1. e4 c5 2. Nf3 d6 3. d4 cxd4 4. Nxd4 Nf6 5. Nc3 a6 6. Be2 e5 7. Nb3 Be7 8. O-O O-O 9. Be3 Be6 10. Nd5 Nxd5 11. exd5 Bf5 12. Qd2 Nd7 13. Na5 Qc7 14. c4 Nc5 15. f3 Rfe8 16. b4 Nd7 17. Rac1 Bf8 18. Rfd1 Rac8 19. Nb3 Qb8 20. c5 Nf6 21. c6 b5 22. a4 bxa4 23. Na5 Qa8 24. Qa2 e4 25. f4 Ng4 26. Bxg4 Bxg4 27. Rd2 f5 28. Nc4 Rb8 29. Qxa4 Bh5 30. c7 Rb5 31. Nb6 Qa7 32. Rc6 Bf7 33. Ra2 Ra8 34. Qxb5 axb5 35. Rxa7 Rxa7 36. c8=Q Ra1+ 37. Rc1 Ra2 38. Nd7 1-0


[Site "https://www.chess.com"]

[Event "Titled Tuesday Blitz August 1 Late 2023"]
[White "Mike24147"]
[Black "Kovalevsky, Stanislav"]
[BlackFideId "13508598"]
[WhiteElo "2402"]
[BlackElo "2512"]
[Result "1-0"]
[Round "11"]
[TimeControl "180+1"]
[Date "2023.08.01"]
[WhiteClock "0:00:33"]
[BlackClock "0:00:02"]
[Board "62"]

1. c4 e6 2. g3 d5 3. Bg2 Nf6 4. Nf3 c6 5. O-O dxc4 6. Na3 Bxa3 7. bxa3 O-O 8. a4 c3 9. d4 Na6 10. Qc2 Qa5 11. Ba3 Rd8 12. Rfd1 Nd5 13. Rac1 Nb6 14. Be7 Re8 15. Ng5 g6 16. Bc5 Nxc5 17. dxc5 Qxc5 18. Ne4 Qa3 19. Nf6+ Kf8 20. Nxe8 Kxe8 21. Qxc3 Qxc3 22. Rxc3 Bd7 23. a5 Nd5 24. Rb3 b6 25. e4 Nf6 26. axb6 axb6 27. Rxb6 Rxa2 28. Rb8+ Ke7 29. Rb7 e5 30. f4 Ra5 31. Bh3 exf4 32. Bxd7 fxg3 33. Bxc6+ Ke6 34. Bd5+ Ke5 35. hxg3 Ng4 36. Rxf7 Ra2 37. Rxh7 Re2 38. Re7+ Kf6 39. Re6+ Kg5 40. Ra6 Ne3 41. Rda1 Rg2+ 42. Kh1 Rxg3 43. Bf7 Kh4 44. Rxg6 Rh3+ 45. Kg1 Rf3 46. Ra8 Ng4 47. Rh8+ Kg3 48. Rxg4+ Kxg4 49. Bh5+ Kg3 50. Bxf3 Kf4 51. Bg2 Kg3 52. e5 Kf4 53. e6 Kg3 54. e7 1-0


[Site "https://www.chess.com"]